 Dungeon Crawl Stone Soup version 0.20.1-1-g8b1a95d (webtiles) character file.

47 Monsterracer the Insei (level 3, -1/23 HPs)
             Began as an Octopode Transmuter on Oct 25, 2017.
             Slain by a hobgoblin
             ... wielding a +0 club
              (2 damage)
             ... on level 2 of the Dungeon.
             The game lasted 00:01:55 (1507 turns).

Monsterracer the Insei (Octopode Transmuter)        Turns: 1507, Time: 00:01:56

Health: -1/23      AC:  1    Str:  9    XL:     3   Next: 70%
Magic:  3/6        EV:  7    Int: 16    God:
Gold:   61         SH:  0    Dex: 12    Spells: 0/6 levels left

rFire    . . .     SeeInvis .     - Unarmed
rCold    . . .     Gourm    .   (no shield)
rNeg     . . .     Faith    .   (helmet restricted)
rPois    .         Spirit   .   (no amulet)
rElec    .         Reflect  .   (no ring)
rCorr    .         Harm     .   (no ring)
MR       .....                  (no ring)
Stlth    ++........             (no ring)
Regen    0.1/turn               (no ring)
MPRegen  0.1/turn               (no ring)
                                (no ring)
                                (no ring)

@: very slightly contaminated, held
A: almost no armour, stealthy swim, amphibious, 8 rings, constrict 8, camouflage
1, gelatinous body 1
a: no special abilities


You were on level 2 of the Dungeon.
You were not hungry.

You visited 1 branch of the dungeon, and saw 2 of its levels.

You collected 61 gold pieces.

Inventory:

Missiles
 a - 12 arrows
Scrolls
 d - 2 scrolls of identify {unknown}
 f - a scroll of remove curse {unknown}
 i - a scroll of enchant weapon {unknown}
Potions
 e - a potion of ambrosia {unknown}
 h - a potion of lignification {unknown}
 j - a potion of invisibility {unknown}
Books
 b - a book of Changes

   Spells                             Type                      Level
   a - Beastly Appendage              Transmutation                1
   b - Sticks to Snakes               Transmutation                2
   c - Spider Form                    Transmutation/Poison         3
   d - Ice Form                       Ice/Transmutation            4
   e - Blade Hands                    Transmutation                5
Comestibles
 c - a bread ration
 g - a royal jelly


   Skills:
 - Level 1.0 Fighting
 - Level 2.0 Dodging
 + Level 3.9 Unarmed Combat
 - Level 2.0 Spellcasting
 + Level 3.0 Transmutations


You couldn't memorise any spells.
You knew the following spells:

 Your Spells              Type           Power        Failure   Level  Hunger
a - Beastly Appendage     Tmut           ##....       6%          1    #......
b - Sticks to Snakes      Tmut           ##......     9%          2    ###....
c - Spider Form           Tmut/Pois      #.........   32%         3    ###....


Dungeon Overview and Level Annotations

Branches:
Dungeon (2/15)

Altars:


Innate Abilities, Weirdness & Mutations

You cannot wear most types of armour.
You are very stealthy in the water. (Stealth+)
You are amphibious.
You can wear up to eight rings at the same time.
You can use your tentacles to constrict eight enemies at once.
Your skin changes colour to match your surroundings (Stealth+).
Your rubbery body absorbs attacks. (AC +1, EV +1)


Message History

The hobgoblin shouts!
You tentacle-slap the bat.
You kill the bat!
You tentacle-slap the hobgoblin. You grab the hobgoblin.
The hobgoblin is heavily wounded.
You constrict the hobgoblin, but do no damage.
The hobgoblin hits you with a club!
You are too injured to fight recklessly!
You are too injured to fight recklessly!
You are too injured to fight recklessly!
You tentacle-slap the hobgoblin.
The hobgoblin is severely wounded.
You constrict the hobgoblin. The hobgoblin barely misses you.
You tentacle-slap the hobgoblin.
You kill the hobgoblin!
Sorry, you're not good enough to have a special ability.
Things that are here:
a club; a hobgoblin corpse
There is a stone staircase leading down here.
You see here a stone.
You are feeling hungry.
You see here a stone.
You butcher the goblin corpse.
i - a chunk of flesh Eating a chunk of flesh.
You eat the chunk of flesh.
This raw flesh tastes terrible.
You see here a club.
Done exploring.
Done exploring.
There is a stone staircase leading down here.
You climb downwards.
There is a stone staircase leading up here.
A hobgoblin comes into view. It is wielding a club.
A hobgoblin is nearby!
Found 4 gold pieces.
The helpless hobgoblin fails to defend itself.
You tentacle-slap the hobgoblin but do no damage.
Your grab misses the hobgoblin. You squeeze the hobgoblin.
You kill the hobgoblin!
No target in view!
No target in view!
You are a level 3 Octopode Transmuter.
You are 66% of the way to level 4.
Play time: 00:01:46 (1463 turns) There's nothing to open nearby.
Things that are here:
a club; a hobgoblin corpse
Found a stone staircase leading up.
You now have 48 gold pieces (gained 4).
You now have 61 gold pieces (gained 13).
i - a scroll labeled KYPHY NIUDED No target in view!
No target in view!
Found a robe.
j - a silvery potion A hobgoblin comes into view.
It is wielding a club.
Found a stone staircase leading up.
The hobgoblin shouts!
You barely miss the hobgoblin. You grab the hobgoblin.
You constrict the hobgoblin. The hobgoblin closely misses you.
A hobgoblin comes into view. It is wielding a club.
You tentacle-slap the hobgoblin.
You kill the hobgoblin!
Found a scroll labeled HUURGH BEGEU. 2 gnolls come into view.
A gnoll is wielding a spear of freezing.
You see here a club.
There are monsters nearby!
The gnoll shouts!
There are monsters nearby!
Casting: Beastly Appendage
Confirm with . or Enter, or press ? or * to list all spells.
You miscast Spider Form.
You are very lightly contaminated with residual magic.
Nothing appears to happen.
The gnoll shouts!
The gnoll throws a throwing net.
The throwing net hits you.
You become entangled in the net!
You struggle against the net.
The hobgoblin hits you with a club.
An adder and a gnoll come into view.
You struggle against the net.
The hobgoblin hits you with a club.
You struggle against the net.
The gnoll hits you from afar with a spear of freezing!
* * * LOW HITPOINT WARNING * * *
The gnoll freezes you.
* * * LOW HITPOINT WARNING * * *
An adder comes into view.
You rip the net and break free!
The hobgoblin hits you with a club.
* * * LOW HITPOINT WARNING * * *
The gnoll misses you.
The gnoll throws a throwing net.
The throwing net closely misses you.
A worm comes into view.
You see here a club.
The worm moves out of view.
The gnoll throws a throwing net.
The throwing net hits you.
You become entangled in the net!
Things that are here:
a throwing net x2
You struggle against the net.
The adder hisses angrily.
The hobgoblin hits you with a club.
You die...

?# .# .. .# ... .#
..Sg#####.# #.
...S..g..# #.# #....#
...... .... #...)##
#.#...# .##.. #..gg@#
.#.#...# . #..
<######.##.#.#...#.# #.#
...........#.....#.###..
.#######.###.......##...
...###.###.....#####.#
#..................)#
#####..##.##..#####.#
##.##.##..#######
#..............


You could see 3 gnolls, 2 adders and a hobgoblin.

Vanquished Creatures
  2 oozes (D:1)
  A leopard gecko (D:1)
  2 giant cockroaches (D:1)
  7 goblins (D:1)
  10 hobgoblins
  A ball python (D:1)
  2 bats (D:1)
  2 frilled lizards (D:1)
  4 kobolds (D:1)
  4 rats (D:1)
35 creatures vanquished.

Notes
Turn   | Place    | Note
-------+----------+-------------------------------------------
     0 | D:1      | Monsterracer the Octopode Transmuter began the quest for the Orb.
     0 | D:1      | Reached XP level 1. HP: 13/13 MP: 3/3
   305 | D:1      | Reached XP level 2. HP: 18/18 MP: 3/5
   314 | D:1      | Learned a level 2 spell: Sticks to Snakes
   761 | D:1      | Reached XP level 3. HP: 22/23 MP: 6/6
   778 | D:1      | Learned a level 3 spell: Spider Form
  1503 | D:2      | HP: 8/23 [gnoll/spear of freezing (7)]
  1504 | D:2      | HP: 1/23 [hobgoblin/club (6)]
  1507 | D:2      | Slain by a hobgoblin

Skill      XL: |  1  2  3 |
---------------+----------+-----
Transmutations | 3 |  3.0
Fighting       | |  1.0
Dodging        | |  2.0
Unarmed Combat | |  3.9
Spellcasting   | |  2.0

Action                   || total
-------------------------++-------
Melee: Unarmed           ||    83
       Constrict         ||    21
       Tentacles         ||    15
       Kick              ||     3
       Punch             ||     3
 Cast: Beastly Appendage ||     3
 Stab: Sleeping          ||     2
  Eat: Chunk             ||     2
Armor: Skin              ||     5
Dodge: Dodged            ||    46

Vault maps used:
D:1:      dpeg_arrival_shrine
D:2:      uniq_crazy_yiuf_cottage, uniq_sigmund
